 Dungeon Crawl Stone Soup version 0.31-a0-204-g7da18cac08 (webtiles) character file.

Game seed: 2807455695789718488

137 qw the Skirmisher (level 5, -1/29 HPs)
             Began as a Deep Elf Hunter on June 27, 2023.
             Slain by Edmund
             ... wielding a +4 flail of holy wrath
              (10 damage)
             ... on level 4 of the Dungeon.
             The game lasted 00:00:41 (2168 turns).

qw the Skirmisher (Deep Elf Hunter)                 Turns: 2168, Time: 00:00:42

Health: -1/29      AC:  8    Str: 10    XL:     5   Next: 0%
Magic:  7/7        EV: 11    Int: 14    God:
Gold:   179        SH:  0    Dex: 18    Spells: 4/4 levels left

rFire   + . .        Y - +0 shortbow
rCold   . . .        (shield currently unavailable)
rNeg    . . .        k - +0 ring mail
rPois   .            (helmet restricted)
rElec   .            g - +0 cloak
rCorr   .            (no gloves)
SInv    .            (no boots)
Will    .....        l - amulet of the acrobat
Stlth   +            j - ring of protection from fire
HPRegen 0.24/turn    (no ring)
MPRegen 0.10/turn

%: acrobat
@: no status effects
A: beak, iridescent scales 1
a: no special abilities


You were on level 4 of the Dungeon.
You visited 1 branch of the dungeon, and saw 4 of its levels.

You collected 179 gold pieces.


Innate Abilities, Weirdness & Mutations

You have a beak for a mouth.
You are partially covered in iridescent scales. (AC +2)


   Skills:
 - Level 1.5 Fighting
 + Level 8.4 Ranged Weapons
 - Level 2.4 Dodging
 - Level 1.2 Stealth


You had 4 spell levels left.
You didn't know any spells.
Your spell library was empty.

Inventory:

Hand Weapons
 Y - a +0 shortbow (weapon)
Armour
 g - a +0 cloak (worn)
 k - a +0 ring mail (worn)
Jewellery
 j - a ring of protection from fire (left hand)
 l - an amulet of the acrobat (around neck)
Scrolls
 f - a scroll of identify
Potions
 a - a potion of curing
 b - a potion of enlightenment
 c - a potion of attraction {unknown}
 e - a potion of mutation
 i - a potion of haste

Dungeon Overview and Level Annotations

Branches:
Dungeon (4/15)
 Temple: D:4-7

Altars:
Hepliaklqana
Ru

Annotations:
D:4 Edmund


Message History

Edmund is moderately wounded.
You shoot an arrow. The arrow completely misses Edmund.
You shoot an arrow.
The arrow hits Edmund but does no damage.
Edmund is moderately wounded.
Edmund barely misses you.
You shoot an arrow.
The arrow hits Edmund but does no damage.
Edmund is moderately wounded.
The giant cockroach closely misses you. Edmund barely misses you.
You shoot an arrow. The arrow hits Edmund.
Edmund is moderately wounded.
The giant cockroach bites you but does no damage.
Edmund hits you with a +4 flail of holy wrath.
The giant cockroach bites you but does no damage.
You shoot an arrow. The arrow hits Edmund.
Edmund is moderately wounded.
Edmund hits you with a +4 flail of holy wrath!
The giant cockroach bites you but does no damage.
You shoot an arrow. The arrow hits Edmund.
Edmund is heavily wounded.
The phantom hits you.
The phantom blinks!
You blink.
The phantom hits you but does no damage.
You shoot an arrow. The arrow barely misses the phantom.
The arrow hits Edmund.
Edmund is heavily wounded.
The phantom hits you.
You shoot an arrow.
The arrow hits Edmund but does no damage.
Edmund is heavily wounded.
The giant cockroach bites you but does no damage.
The phantom barely misses you.
Edmund hits you with a +4 flail of holy wrath.
You shoot an arrow. The arrow hits Edmund.
Edmund is heavily wounded.
The giant cockroach barely misses you. The phantom closely misses you.
Edmund barely misses you. The giant cockroach barely misses you.
You shoot an arrow. The arrow closely misses Edmund.
The phantom misses you.
Edmund hits you with a +4 flail of holy wrath!
You die...

#.'..<..#.'..##..##.........
#.#.8.8.#.######.#..........
#.##...##.# #.#..........
#.8#####8.# #............
##. ..##########.>.......
#########.....#####...##...
..#.......###...# ########.
#.......(@.#....# ####.
#.......W@.....#######....
#.....B.<............###
###...........########
#...........# ##.........##
##...#...## #########


You could see Edmund, a phantom and a giant cockroach.

Vanquished Creatures
  A hound (D:4)
  Jessica (D:3)
  4 adders
  A dart slug (D:2)
  3 worms (D:2)
  An orc (D:3)
  A bat (D:1)
  An endoplasm (D:2)
  3 giant cockroaches
  4 goblins
  2 jackals (D:1)
  A quokka (D:2)
  2 ball pythons
  4 frilled lizards
  7 kobolds
  5 rats
41 creatures vanquished.

Notes
Turn   | Place    | Note
-------+----------+-------------------------------------------
     0 | D:1      | qw the Deep Elf Hunter began the quest for the Orb.
     0 | D:1      | Reached XP level 1. HP: 12/12 MP: 3/3
     0 | D:1      | 0 ||| qw: Version: 0.3-a-22-g0ed2b0b
     0 | D:1      | 0 ||| qw: Game counter: 6424
     0 | D:1      | 0 ||| qw: Melee chars always use a shield: true
     0 | D:1      | 0 ||| qw: God list: Okawaru
     0 | D:1      | 0 ||| qw: Allow faded altars: false
     0 | D:1      | 0 ||| qw: Do Orc after clearing Dungeon:15 true
     0 | D:1      | 0 ||| qw: Do second Lair branch before Depths: true
     0 | D:1      | 0 ||| qw: Lair rune preference: random
     0 | D:1      | 0 ||| qw: Goals: Normal
     0 | D:1      | 0 ||| PLANNING D:1-11
   214 | D:1      | Reached XP level 2. HP: 16/16 MP: 4/4
   283 | D:1      | Reached skill level 6 in Ranged Weapons
   533 | D:1      | 533 ||| UPGRADING to +0 cloak.
   538 | D:1      | 538 ||| UPGRADING to +0 ring mail.
   548 | D:1      | 548 ||| DROPPING +0 leather armour.
   549 | D:1      | 549 ||| UPGRADING to amulet of the acrobat.
   554 | D:1      | 554 ||| UPGRADING to ring of protection from fire.
   555 | D:1      | 555 ||| READING scroll labelled DAALYB JEDUF.
   556 | D:1      | 556 ||| READING 5 scrolls labelled SUDDAO PUISCH.
   557 | D:1      | 557 ||| READING scroll labelled EMABAN FUDOAT.
   558 | D:1      | 558 ||| DRINKING 2 dark potions.
   558 | D:1      | Gained mutation: You have a beak for a mouth. [potion of
                  | mutation]
   558 | D:1      | Gained mutation: You are partially covered in iridescent
                  | scales. (AC +2) [potion of mutation]
   559 | D:1      | 559 ||| READING 4 scrolls of identify.
   559 | D:1      | 559 ||| IDENTIFYING white potion
   560 | D:1      | 560 ||| DROPPING scroll of butterflies.
   765 | D:2      | Found a hazy altar of Hepliaklqana.
   847 | D:2      | Reached XP level 3. HP: 20/20 MP: 5/5
  1036 | D:2      | Reached skill level 7 in Ranged Weapons
  1346 | D:2      | 1346 ||| DROPPING +6 ring of intelligence.
  1347 | D:2      | 1347 ||| READING scroll labelled EZEMU CATSOMOB.
  1352 | D:2      | 1352 ||| READING 2 scrolls labelled MIEXIF GO XUTWA.
  1353 | D:2      | 1353 ||| READING 3 scrolls of identify.
  1353 | D:2      | 1353 ||| IDENTIFYING golden potion
  1354 | D:2      | 1354 ||| READING 2 scrolls of identify.
  1354 | D:2      | 1354 ||| IDENTIFYING sedimented red potion
  1355 | D:2      | 1355 ||| DROPPING scroll of blinking.
  1534 | D:3      | Reached XP level 4. HP: 25/25 MP: 6/6
  1701 | D:3      | Noticed Jessica
  1702 | D:3      | Killed Jessica
  1703 | D:3      | Reached skill level 8 in Ranged Weapons
  1878 | D:3      | Identified the ring "Tenel" {Wiz Int+7 Stlth-}
  1932 | D:3      | Found a sacrificial altar of Ru.
  2002 | D:3      | 2002 ||| DROPPING ring "Tenel" {Wiz Int+7 Stlth-}.
  2003 | D:3      | 2003 ||| READING scroll labelled JIEQUKK HEAX.
  2152 | D:4      | Reached XP level 5. HP: 29/29 MP: 7/7
  2155 | D:4      | Noticed Edmund
  2157 | D:4      | Noticed a phantom
  2168 | D:4      | Slain by Edmund

Levels and vault maps discovered:
D:1:      minmay_arrival_four_houses, layout_loops_ring
D:2:      layout_loops_corners, basic_altar
D:3:      layout_loops_ring, marbit_many_paths, uniq_jessica
D:4:      cheibrodos_barr_body, layout_rooms,
          hellmonk_okawaru_the_only_friend_you_need,
          grunt_temple_overflow_gold_and_silver,
          minmay_temple_entry_enclosed_plants, kennysheep_pointless_box,
          grunt_ministairs_11, uniq_edmund, uniq_pikel

Skill      XL: |  1  2  3  4 |
---------------+-------------+-----
Ranged Weapons | 6 7 8 |  8.4
Fighting       | |  1.5
Dodging        | |  2.4
Stealth        | |  1.2

Action                     |  1- 3 |  4- 6 || total
---------------------------+-------+-------++-------
   Fire: Shortbow          |    90 |    41 ||   131
    Use: Scroll            |     8 |     1 ||     9
         Potion            |     1 |       ||     1
 Armour: Leather armour    |     3 |       ||     3
         Ring mail         |     9 |    11 ||    20
  Dodge: Dodged            |    11 |    19 ||    30

Table legend:
 A = Non-vault XP
 B = Vault XP
 C = Vault XP percentage of total XP
 D = Non-vault monster count
 E = Vault monster count
 F = Vault count percentage of total count
                 A         B        C        D         E       F
            +---------+---------+-------+---------+---------+-------
      Total |     158 |      39 |  19.8 |      39 |       2 |   4.9
            +---------+---------+-------+---------+---------+-------
        D:1 |      16 |       0 |   0.0 |      11 |       0 |   0.0
        D:2 |      58 |       0 |   0.0 |      15 |       0 |   0.0
        D:3 |      41 |      39 |  48.8 |      11 |       2 |  15.4
        D:4 |      43 |       0 |   0.0 |       2 |       0 |   0.0
            +---------+---------+-------+---------+---------+-------
